 Dungeon Crawl Stone Soup version 0.29-a0-91-gdebf4667c2 (webtiles) character file.

Game seed: 11104806101708601792

47 enile the Digger (level 3, -2/24 HPs)
             Began as an Octopode Earth Elementalist on Feb 8, 2022.
             Slain by a quokka (4 damage)
             ... on level 2 of the Dungeon.
             The game lasted 00:02:01 (1548 turns).

enile the Digger (Octopode Earth Elementalist)      Turns: 1548, Time: 00:02:02

Health: -2/24      AC:  1    Str:  7    XL:     3   Next: 70%
Magic:  4/6        EV: 13    Int: 19    God:
Gold:   70         SH:  0    Dex: 12    Spells: 5/6 levels left

rFire   . . .      SeeInvis .   f - +2 dagger (freeze)
rCold   . . .      Faith    .   (no shield)
rNeg    . . .      Spirit   .   (helmet restricted)
rPois   .          Reflect  .   (no amulet)
rElec   .          Harm     .   (no ring)
rCorr   .          Rampage  .   (no ring)
Will    .....                   (no ring)
Stlth   +++.......              (no ring)
HPRegen 0.08/turn               (no ring)
MPRegen 0.10/turn               (no ring)
                                (no ring)
                                (no ring)

@: no status effects
A: almost no armour, amphibious, 8 rings, camouflage 1, gelatinous body 1,
(nimble swimmer 1), tentacles
a: no special abilities


You were on level 2 of the Dungeon.
You visited 1 branch of the dungeon, and saw 2 of its levels.

You collected 70 gold pieces.

Inventory:

Hand Weapons
 d - a +0 dagger
 f - a +2 dagger of freezing (weapon)
Missiles
 a - 11 poisoned darts
 b - 54 stones
 i - 6 curare-tipped darts
Scrolls
 e - 2 scrolls of teleportation {unknown}
 k - a scroll of identify {unknown}
Potions
 g - a potion of might {unknown}
 h - a potion of invisibility {unknown}


   Skills:
 - Level 2.0 Fighting
 + Level 2.9 Dodging
 - Level 2.8 Stealth
 - Level 2.0 Spellcasting
 - Level 1.1 Transmutations
 - Level 3.0 Earth Magic


You had 5 spell levels left.
You knew the following spells:

 Your Spells              Type           Power      Damage    Failure   Level
a - Sandblast             Erth           26%        2d8       4%          1

Your spell library contained the following spells:

 Spells                   Type           Power      Damage    Failure   Level
 Passwall                 Tmut/Erth      7%         N/A       11%         2
 Stone Arrow              Conj/Erth      14%        3d7       26%         3
 Petrify                  Tmut/Erth      9%         N/A       56%         4


Dungeon Overview and Level Annotations

Branches:
Dungeon (2/15)

Altars:

Shops:
D:2 =


Innate Abilities, Weirdness & Mutations

You cannot wear most types of armour.
You are amphibious.
You can wear up to eight rings at the same time.
Your skin changes colour to match your surroundings (Stealth+).
Your rubbery body absorbs attacks. (AC +1, EV +1)
((You are camouflaged when in or above water. (Stealth+)))
You have tentacles for arms and can constrict up to eight enemies at once.


Message History

The jackal barks!
The goblin shouts!
The jackal bites you.
The jackal barks!
You hit the jackal but do no damage. Your grab misses the jackal.
You squeeze the jackal, but do no damage.
The jackal closely misses you. The quokka bites you.
The jackal barely misses you. The jackal bites you. The quokka bites you.
You barely miss the quokka. Your grab misses the quokka.
Your tentacle-slap misses the quokka.
The quokka bites you.
You barely miss the quokka. Your grab misses the quokka.
Your squeeze misses the quokka. The quokka closely misses you.
Casting: Sandblast (safe; 4% risk of failure)
Confirm with . or Enter, or press ? or * to list all spells.
Aiming: Sandblast (safe; 4% risk of failure)
Press: ? - help, Shift-Dir - straight line, f - quokka
Aim: a quokka (71% to hit)
The blast of sand hits the quokka.
The quokka is heavily wounded.
The quokka barely misses you. The quokka bites you.
* * * LOW HITPOINT WARNING * * *
Casting: Sandblast (safe; 4% risk of failure)
Confirm with . or Enter, or press ? or * to list all spells.
Aiming: Sandblast (safe; 4% risk of failure)
Press: ? - help, Shift-Dir - straight line, f/p - quokka
Aim: a quokka (heavily wounded, 71% to hit)
The blast of sand hits the quokka.
The quokka is severely wounded.
The jackal closely misses you. The quokka misses you.
As you read the scroll labelled WESELOA MENA, it crumbles to dust.
It is a scroll of enchant armour.
You aren't carrying any armour which can be enchanted further.
The jackal bites you.
* * * LOW HITPOINT WARNING * * *
The quokka misses you. The jackal closely misses you.
As you read the scroll labelled GOXKOU TISCHUT, it crumbles to dust.
The scroll dissolves into smoke.
It was a scroll of fog.
The jackal barely misses you. The quokka bites you.
You die...

.# ####..†................ ##
#......##....##...#.#..#
####.#............#.##.# .##
##..#######...........##...
#####..## #..............##
......## #........##......
......# #§...............
......# #h##§##.##.......
.†....#########§@rh...##.......
..†...........§####............
......########.#####...........
......# #.......###......$
####### ######### ..∩.∩..
....... ..∩.∩.. ....... .......


You could see a quokka and 2 jackals.

Vanquished Creatures
  2 ball pythons (D:1)
  6 endoplasms
  4 giant cockroaches
  5 goblins (D:1)
  2 hobgoblins (D:2)
  4 jackals (D:1)
  3 quokkas
  4 bats
  2 frilled lizards (D:1)
  2 kobolds
  7 rats
41 creatures vanquished.

Notes
Turn   | Place    | Note
-------+----------+-------------------------------------------
     0 | D:1      | enile the Octopode Earth Elementalist began the quest for
                  | the Orb.
     0 | D:1      | Reached XP level 1. HP: 11/11 MP: 3/3
   197 | D:1      | Reached XP level 2. HP: 12/18 MP: 5/5
   303 | D:1      | Reached skill level 1 in Fighting
   569 | D:1      | Reached XP level 3. HP: 16/24 MP: 4/6
  1532 | D:2      | Found Les Fyhirr's Jewellery Shoppe.
  1548 | D:2      | Slain by a quokka

Illustrated notes

Levels and vault maps discovered:
D:1:      pf_arrival_petrified_forest, layout_basic, fountainhead,
          kennysheep_nondescript, minmay_tiny_reverse_x
D:2:      minmay_alternating_diamond, layout_rooms, basic_ecumenical_altar,
          serial_shops, nicolae_shop_competitors_out_of_business

Skill      XL: |  1  2 |
---------------+-------+-----
Fighting       | 2 |  2.0
Dodging        | |  2.9
Stealth        | |  2.8
Spellcasting   | |  2.0
Transmutations | |  1.1
Earth Magic    | |  3.0

Action                   || total
-------------------------++-------
Melee: Unarmed           ||    15
       Constrict         ||    16
       Tentacles         ||    10
       Dagger            ||    37
       Punch             ||     1
 Cast: Sandblast         ||    24
  Use: Scroll            ||     2
 Stab: Sleeping          ||     6
Armor: Skin              ||    11
Dodge: Dodged            ||    48

Table legend: (Time is in decaauts)
 A = Elapsed time spent in this place.
 B = Non-inter-level travel time spent in this place.
 C = Inter-level travel time spent in this place.
 D = Time resting spent in this place.
 E = Time spent auto-exploring this place.
 F = Levels seen in this place.
 G = Mean time per level.
                   A        B        C        D        E       F      G
               +--------+--------+--------+--------+--------+-----+--------+
         Total |   1547 |   1428 |    119 |      0 |   1181 |   2 |  773.5 |
       Dungeon |   1547 |   1428 |    119 |      0 |   1181 |   2 |  773.5 |
               +--------+--------+--------+--------+--------+-----+--------+

Top non-repeatable levels by time:
     D:1: 1299 daAuts
     D:2: 248 daAuts
